Map: Catalyst LE

Players

Dear - Winner!

  • Race: Protoss Protoss
  • Spawn Location: 11:00

Maru

  • Race: Terran Terran
  • Spawn Location: 5:00

Event: IEM Season 12 - Katowice

VOD

Have the link to the VOD?

Description

Time

  • Played on: March 1, 2018, 9:56 a.m.
  • Length: 15:09

All games in this series

Show
View Real Time Build Order
Export as new Build Order

Dear Protoss - Winner!

Build Orders: 1 Gate Expand, Double Forge, Blink Stalkers 

Get SALT Encoding   

  12  0:00  Probe  
  13  0:12  Probe  
  14  0:17  Pylon  
  14  0:24  Probe (Chrono Boost)  
  15  0:36  Probe (Chrono Boost)  
  15  0:38  Gateway  
  16  0:44  Probe (Chrono Boost)  
  16  0:46  Assimilator  
  17  0:51  Probe  
  18  1:03  Probe  
  19  1:15  Probe  
  20  1:23  Nexus  
  20  1:33  Cybernetics Core  
  20  1:36  Probe  
  21  1:43  Assimilator  
  21  1:48  Probe  
  21  1:52  Pylon  
  22  2:00  Probe  
  23  2:08  Stalker (Chrono Boost)  
  23  2:10  Warp Gate  
  23  2:12  Probe  
  26  2:22  Twilight Council  
  26  2:24  Probe  
  27  2:32  Stalker  
  27  2:36  Probe (Chrono Boost)  
  30  2:37  Probe (Chrono Boost)  
  31  2:46  Probe (Chrono Boost)  
  31  2:47  Probe (Chrono Boost)  
  33  2:51  Probe (Chrono Boost)  
  33  2:52  Probe (Chrono Boost)  
  33  2:54  Blink (Chrono Boost)  
  35  3:02  Probe  
  35  3:04  Probe  
  37  3:08  Stalker  
  39  3:15  Probe, Shield Battery  
  39  3:16  Probe  
  41  3:22  Gateway  
  41  3:28  Gateway  
  41  3:30  Probe  
  41  3:32  Probe  
  43  3:38  Pylon  
  43  3:40  Stalker  
  45  3:44  Probe  
  46  3:53  Robotics Facility  
  46  3:58  Probe  
  46  4:00  Probe  
  43  4:10  Probe  
  43  4:12  Probe  
  41  4:22  Probe (Chrono Boost)  
  39  4:30  Probe (Chrono Boost)  
  41  4:33  Probe (Chrono Boost)  
  41  4:37  Probe x2 (Chrono Boost), Assimilator  
  42  4:39  Assimilator  
  42  4:40  Observer  
  42  4:41  Nexus  
  42  4:42  Pylon  
  44  4:48  Probe x2  
  44  4:50  Forge  
  44  4:52  Forge  
  46  4:53  Charge  
  46  5:00  Probe (Chrono Boost)  
  46  5:03  Sentry  
  46  5:04  Observer  
  46  5:05  Probe (Chrono Boost)  
  51  5:09  Stalker  
  51  5:10  Probe (Chrono Boost)  
  55  5:14  Probe (Chrono Boost)  
  55  5:15  Probe (Chrono Boost)  
  55  5:20  Protoss Ground Weapons Level 1 (Chrono Boost), Protoss Ground Armor Level 1 (Chrono Boost)  
  56  5:21  Pylon  
  56  5:24  Probe  
  56  5:27  Probe  
  58  5:36  Immortal  
  58  5:39  Probe x2  
  64  5:44  Sentry  
  66  5:51  Probe x2  
  66  5:52  Gateway  
  66  5:53  Gateway  
  66  5:56  Gateway  
  68  6:04  Gateway  
  68  6:05  Gateway  
  68  6:12  Probe x3  
  68  6:16  Immortal  
  75  6:22  Pylon  
  75  6:25  Probe x3  
  77  6:31  Stalker  
  77  6:32  Stalker x2  
  84  6:35  Pylon  
  84  6:40  Pylon  
  84  6:52  Immortal (Chrono Boost)  
  84  6:58  Zealot x6  
  100  7:01  Zealot  
  100  7:02  Zealot  
  100  7:08  Pylon  
  104  7:09  Pylon  
  104  7:21  Zealot x2  
  108  7:27  Zealot x6  
  118  7:41  Pylon  
  118  7:42  Templar Archives  
  118  7:46  Stalker x2  
  118  7:49  Pylon x2  
  122  7:56  Psionic Storm  
  122  8:04  Warp Prism  
  120  8:09  Stalker x5  
  128  8:21  Zealot x3  
  108  8:39  Zealot x3  
  108  8:41  High Templar  
  108  8:42  Zealot, High Templar x3  
  108  8:43  Protoss Ground Weapons Level 2 (Chrono Boost), Protoss Ground Armor Level 2 (Chrono Boost)  
  108  8:46  Assimilator  
  108  8:48  Assimilator  
  118  8:54  Probe x3  
  122  9:11  Zealot x4, Nexus  
  122  9:16  Zealot x3  
  122  9:17  Zealot  
  138  9:18  Pylon  
  138  9:23  Pylon  
  121  9:39  Zealot x5  
  121  9:40  Pylon  
  131  9:50  Cybernetics Core  
  131  9:56  Probe x3  
  130  10:05  Zealot  
  130  10:06  High Templar x4  
  130  10:07  Zealot, High Templar x2  
  136  10:10  Archon x2  
  136  10:11  Archon  
  136  10:14  Probe x3  
  141  10:34  Zealot x2  
  144  10:40  Stalker x6  
  123  10:55  High Templar x2  
  125  11:05  Zealot x6, Robotics Facility  
  125  11:11  Zealot x6, Protoss Ground Armor Level 3 (Chrono Boost)  
  129  11:15  Protoss Shields Level 1 (Chrono Boost)  
  129  11:20  Gateway  
  129  11:21  Gateway  
  129  11:25  Nexus  
  129  11:32  Zealot x2  
  129  11:33  Zealot x6  
  129  11:36  Pylon  
  129  11:39  Pylon  
  147  11:56  High Templar x2  
  147  11:57  High Templar x4  
  147  11:58  Zealot x2  
  159  12:16  Robotics Facility  
  159  12:18  Pylon  
  159  12:21  Pylon  
  159  12:22  Pylon  
  159  12:23  Pylon  
  159  12:36  Pylon  
  157  12:44  High Templar x4  
  157  12:45  Zealot x6  
  169  13:03  Archon  
  167  13:07  Archon  
  167  13:08  Immortal (Chrono Boost)  
  167  13:10  Zealot x6  
  159  13:21  Zealot x4  
  129  13:27  Archon  
  129  13:30  Archon  
  129  13:31  Stalker x3  
  129  13:32  Zealot x3  
  121  13:39  Immortal (Chrono Boost)  
  109  13:44  High Templar x4  
  109  13:50  Pylon  
  109  13:54  Zealot x5, Sentry  
  117  14:06  Warp Prism (Chrono Boost)  
  119  14:15  High Templar x2  
  119  14:16  Zealot x4, Stalker  
  119  14:17  Zealot, Stalker x2  
  139  14:30  Observer (Chrono Boost)  
  140  14:38  Zealot x5  
  140  14:48  Zealot x5  
Show
View Real Time Build Order
Export as new Build Order

Maru Terran 

Build Orders: Cyclone Opening, MMM Bio 

Get SALT Encoding   

  12  0:00  SCV  
  13  0:12  SCV  
  14  0:17  Supply Depot  
  14  0:24  SCV  
  15  0:28  Refinery  
  15  0:38  SCV  
  16  0:44  Barracks  
  16  0:50  SCV  
  17  1:02  SCV  
  18  1:14  SCV  
  19  1:31  Marine  
  19  1:32  Orbital Command  
  20  1:46  Command Center  
  20  1:56  Factory  
  20  1:58  SCV  
  21  2:02  Barracks Reactor  
  21  2:08  Refinery  
  21  2:11  SCV  
  22  2:16  Supply Depot  
  22  2:23  SCV  
  23  2:37  SCV  
  24  2:45  Cyclone  
  24  2:46  Marine  
  24  2:47  Cyclone  
  31  2:58  SCV  
  32  3:03  Orbital Command  
  32  3:04  Barracks Tech Lab  
  32  3:10  SCV  
  33  3:17  Hellion  
  33  3:19  Hellion  
  37  3:22  SCV, Marine  
  37  3:24  Stimpack  
  39  3:29  SCV  
  39  3:32  Supply Depot  
  40  3:34  SCV  
  41  3:42  SCV, Barracks  
  41  3:44  Marine  
  41  3:46  SCV  
  44  3:54  SCV  
  45  3:58  SCV  
  45  4:02  Marine  
  41  4:06  SCV  
  41  4:10  SCV  
  41  4:11  Factory Tech Lab  
  41  4:13  Barracks  
  38  4:18  SCV  
  38  4:19  Engineering Bay  
  38  4:20  Marine  
  38  4:22  SCV  
  39  4:27  Bunker  
  39  4:29  Siege Tank  
  39  4:30  SCV, Marine x2  
  45  4:35  Supply Depot  
  45  4:36  SCV  
  46  4:40  Marauder  
  46  4:44  Terran Infantry Weapons Level 1  
  48  4:46  SCV  
  48  4:48  Marine  
  48  4:49  Marine  
  51  4:53  Supply Depot, SCV  
  52  5:00  SCV  
  52  5:03  Barracks  
  52  5:05  SCV  
  54  5:07  Barracks  
  54  5:10  Marauder  
  54  5:11  Marauder  
  58  5:17  Supply Depot  
  58  5:19  Factory Reactor, Starport  
  58  5:21  SCV  
  58  5:22  SCV  
  58  5:26  Refinery  
  58  5:27  Combat Shields  
  60  5:28  Concussive Shells  
  60  5:30  Marine x2  
  60  5:33  Missile Turret  
  64  5:35  Marauder  
  64  5:38  SCV  
  64  5:39  Supply Depot  
  64  5:41  SCV  
  66  5:44  Supply Depot  
  66  5:45  Marine  
  66  5:48  Marine x2  
  69  5:51  Barracks Tech Lab  
  69  5:54  Barracks Reactor  
  69  6:01  Factory Reactor  
  69  6:02  Supply Depot  
  69  6:03  Medivac x2  
  73  6:06  Supply Depot  
  73  6:08  Marine x2  
  73  6:11  Marauder  
  77  6:12  Marauder  
  77  6:15  Marauder  
  81  6:20  Supply Depot  
  81  6:21  SCV, Refinery  
  82  6:30  Supply Depot  
  82  6:31  Marine x4  
  86  6:35  Marauder  
  86  6:36  Marauder  
  86  6:38  Marauder  
  94  6:40  Widow Mine  
  94  6:46  Medivac  
  96  6:49  Marine  
  97  6:57  Marauder x2  
  97  6:58  Marine  
  97  6:59  Widow Mine, Marauder  
  106  7:03  Medivac  
  106  7:04  Marine  
  106  7:05  Marine  
  110  7:09  Supply Depot  
  108  7:17  Medivac  
  108  7:18  Widow Mine, Marine, Marauder x2  
  108  7:19  Marine  
  118  7:27  Command Center  
  118  7:33  Widow Mine, Marine  
  118  7:34  Marauder  
  122  7:37  Medivac  
  124  7:44  Supply Depot  
  124  7:45  Marine  
  124  7:50  Widow Mine  
  127  7:51  Marine x2  
  127  7:52  Supply Depot  
  127  7:54  Widow Mine  
  129  8:00  Marine  
  121  8:07  Marine x2, Marauder  
  121  8:08  Marauder  
  121  8:12  Terran Infantry Armor Level 1  
  127  8:15  Medivac x2  
  126  8:21  Widow Mine x2  
  104  8:34  Marine  
  104  8:35  Marauder x2  
  104  8:41  SCV x2, Orbital Command  
  105  8:45  Medivac x2  
  110  8:50  Marine, Armory  
  110  8:51  Marine  
  110  8:53  SCV  
  113  8:56  SCV  
  113  8:59  Widow Mine  
  113  9:02  Widow Mine  
  118  9:05  SCV, Marine, Marauder  
  122  9:10  Marine, Marauder  
  122  9:13  Marauder  
  122  9:14  Marine  
  128  9:19  Ghost Academy  
  127  9:32  Marine x2, Marauder x2  
  127  9:37  Widow Mine x2  
  123  9:41  Medivac x2  
  127  9:47  Marine x2  
  127  9:48  Marauder  
  130  9:55  SCV x3  
  130  9:57  Marine  
  130  9:58  Marine, Marauder  
  136  10:00  Barracks x2  
  136  10:05  Terran Infantry Weapons Level 2  
  135  10:07  Widow Mine, SCV x2  
  138  10:15  Supply Depot  
  138  10:17  Ghost  
  138  10:18  Ghost  
  142  10:23  Widow Mine  
  133  10:46  Ghost x2, Widow Mine x2  
  133  10:47  Marine x4  
  140  10:51  Barracks Tech Lab x2  
  138  11:00  Marauder  
  140  11:05  Marine x3  
  140  11:06  SCV x3, Refinery  
  140  11:07  Widow Mine x2, Refinery  
  150  11:12  Ghost  
  150  11:16  Marauder  
  154  11:20  Marine  
  154  11:21  Marauder x2  
  154  11:25  Supply Depot, SCV  
  160  11:34  Ghost  
  160  11:35  Marine x2  
  160  11:36  Ghost  
  160  11:38  Supply Depot  
  166  11:45  Ghost  
  168  11:52  Supply Depot  
  168  11:58  Ghost  
  168  12:14  Ghost  
  168  12:15  Ghost  
  172  12:17  Ghost  
  172  12:18  Marine x3  
  172  12:19  Marine  
  178  12:38  Command Center  
  178  12:39  Ghost x2  
  178  12:40  Marine  
  178  12:44  Marauder  
  185  13:02  Marine x2, Marauder x2  
  185  13:03  Widow Mine  
  181  13:07  Marine x2, Marauder  
  181  13:08  Marine  
  184  13:17  Marine  
  163  13:24  Marauder x2  
  163  13:27  Marine x2, Marauder  
  139  13:29  SCV  
  97  13:44  Marine x2  
  97  13:45  Marauder  
  95  13:52  Marauder x2, Marine x2, Liberator x2  
  105  14:16  Marine  
  105  14:17  Marine, Marauder  
  108  14:19  Marine  
  110  14:27  Marine  
  110  14:28  Marine, Marauder  
  102  14:49  Marine x2  

Tags
 
Add a new tag
Caveats
  • Supply blocks, unpowered buildings, or Contaminate may cause inaccurate times.
  • Supply counts are checked every 10 seconds.